[Event "Titled Tuesday Blitz March 08 Late 2022"]
[White "Indjic, Aleksandar"]
[Black "Moksh Amit Doshi"]
[WhiteFideId "911925"]
[BlackFideId "25064967"]
[WhiteElo "2616"]
[BlackElo "2245"]
[Result "1/2-1/2"]
[Round "02"]
[TimeControl "180+1"]
[Date "2022.03.08"]
[WhiteClock "0:01:48"]
[BlackClock "0:00:57"]

1. d4 Nf6 2. Bg5 d5 3. Bxf6 exf6 4. e3 Bd6 5. g3 O-O 6. Bg2 c6 7. Nd2 Nd7 8. Ne2 f5 9. b3 Nf6 10. c4 Be6 11. c5 Bc7 12. b4 a5 13. a3 Ne4 14. Nb3 b6 15. f3 Nf6 16. Kf2 Re8 17. Nf4 bxc5 18. dxc5 axb4 19. axb4 Rxa1 20. Qxa1 Qb8 21. Qc3 d4 22. Nxd4 Bxf4 23. gxf4 Nd5 24. Qd2 Qxb4 25. Qxb4 Nxb4 26. Rd1 Rd8 27. Bf1 Nc2 28. Rb1 Nxd4 29. exd4 g6 30. Ke3 Re8 31. Kd2 Bd5 32. Be2 Ra8 33. Rb2 Ra4 34. Ke3 Ra3+ 35. Kf2 Ra4 36. Ke3 Ra3+ 37. Kf2 Ra4 38. Ke3 1/2-1/2


[Site "https://www.chess.com"]

[Event "Titled Tuesday Blitz March 08 Late 2022"]
[White "Jacobson, Brandon"]
[Black "Sliwicki, Damian"]
[WhiteFideId "30901561"]
[BlackFideId "1127128"]
[WhiteElo "2362"]
[BlackElo "2067"]
[Result "1-0"]
[Round "02"]
[TimeControl "180+1"]
[Date "2022.03.09"]
[WhiteClock "0:01:34"]
[BlackClock "0:00:25"]

1. d4 Nf6 2. c4 e6 3. Nf3 Bb4+ 4. Nbd2 d5 5. Qa4+ Nc6 6. e3 O-O 7. a3 Bxd2+ 8. Bxd2 a6 9. Qc2 Ne4 10. Bd3 f5 11. O-O Qf6 12. Bc3 Bd7 13. Nd2 Kh8 14. f3 Nxd2 15. Qxd2 Rae8 16. Kh1 Qh6 17. Rad1 Rf6 18. Rfe1 Qh5 19. e4 fxe4 20. fxe4 Ref8 21. cxd5 Rf2 22. Qe3 R8f3 23. Qxf3 Rxf3 24. Be2 Rf1+ 25. Rxf1 1-0


[Site "https://www.chess.com"]

[Event "Titled Tuesday Blitz March 08 Late 2022"]
[White "Janaszak, Dawid"]
[Black "Lopez Del Alamo, Antonio"]
[WhiteFideId "1119206"]
[BlackFideId "2227339"]
[WhiteElo "2199"]
[BlackElo "2082"]
[Result "0-1"]
[Round "02"]
[TimeControl "180+1"]
[Date "2022.03.09"]
[WhiteClock "0:00:08"]
[BlackClock "0:00:11"]

1. e4 c5 2. Nc3 Nc6 3. Bb5 Nd4 4. Nf3 Nxb5 5. Nxb5 e6 6. d4 a6 7. Nc3 cxd4 8. Qxd4 Qc7 9. O-O b5 10. Re1 Bb7 11. Nd5 Bxd5 12. exd5 Qxc2 13. Bf4 Qc4 14. Qd2 Bb4 15. Qe3 Bxe1 16. Rxe1 Nf6 17. dxe6 dxe6 18. Bd6 Rd8 19. Ne5 Qd5 20. Qa7 Nd7 21. Ba3 f6 22. Nf3 Kf7 23. Qxa6 Rhe8 24. Qa5 Kg8 25. h3 e5 26. Nh2 Ra8 27. Qb4 Ra4 28. Qc3 Rc4 29. Qb3 Rd4 30. Qxd5+ Rxd5 31. Bb4 Nb6 32. b3 Rd3 33. Nf1 Nd5 34. Bc5 Ra8 35. Re2 Rd1 36. g3 Nc3 37. Rc2 Nxa2 38. b4 Ra4 39. Rb2 Nc3 40. Kg2 Nd5 41. Ne3 Nxe3+ 42. Bxe3 Rd5 43. Bc5 Kf7 44. Rb3 Ra1 45. g4 Ke6 46. Rf3 Rc1 47. Re3 Rcxc5 48. bxc5 Rxc5 49. Kf1 b4 50. Rb3 Rb5 51. Ke2 Kd5 52. Kd3 Kc5 53. f3 Ra5 54. Rb1 Ra3+ 55. Ke4 Rc3 56. f4 exf4 57. Kxf4 b3 58. h4 Kc4 59. g5 fxg5+ 60. hxg5 Rc2 61. Rh1 b2 62. g6 hxg6 0-1


[Site "https://www.chess.com"]

[Event "Titled Tuesday Blitz March 08 Late 2022"]
[White "Jobava, Baadur"]
[Black "Stoleriu, George"]
[WhiteFideId "13601520"]
[BlackFideId "1227505"]
[WhiteElo "2617"]
[BlackElo "2203"]
[Result "1-0"]
[Round "02"]
[TimeControl "180+1"]
[Date "2022.03.08"]
[WhiteClock "0:00:21"]
[BlackClock "0:00:05"]

1. d4 e6 2. Nc3 Nf6 3. Bf4 d5 4. Nb5 Na6 5. e3 c6 6. Nc3 Nc7 7. Nf3 Bd6 8. Bd3 O-O 9. Ne5 Nfe8 10. Qh5 g6 11. Qh6 Qf6 12. Ng4 Qg7 13. Qxg7+ Kxg7 14. Bh6+ Kg8 15. Bxf8 Kxf8 16. f4 f6 17. h4 h5 18. Nf2 f5 19. Ne2 b6 20. c3 a5 21. Kd2 Nf6 22. Nh3 Ng4 23. Ng5 Nf2 24. Rhc1 Nxd3 25. Kxd3 Ba6+ 26. Kd2 Ke7 27. Ng1 Ne8 28. N1f3 Nf6 29. Ne5 Bxe5 30. fxe5 Ng4 31. Nh3 Kf7 32. b3 c5 33. a4 Ra7 34. Rab1 Ra8 35. b4 axb4 36. dxc5 bxc5 37. Ng5+ Ke7 38. cxb4 c4 39. b5 Bb7 40. Ra1 Nxe5 41. a5 Nd7 42. Rcb1 Kd6 43. Nf7+ Kc5 44. Ng5 Kd6 45. Kc3 Nc5 46. a6 Bc8 47. Nf7+ Ke7 48. Ne5 Kd6 49. Nc6 Ne4+ 50. Kc2 Nc5 51. Na5 e5 52. a7 f4 53. exf4 Bf5+ 54. Kc3 Bxb1 55. fxe5+ Ke6 56. b6 Be4 57. Kd4 Nd7 58. Nxc4 dxc4 59. Kxe4 Nxb6 60. Ra6 c3 61. Rxb6+ Ke7 62. Rb7+ Ke6 63. Rc7 c2 64. Rxc2 Rxa7 65. Rc6+ Kf7 66. Kd5 Ra2 67. Rc7+ Kf8 68. Ke6 Ra6+ 69. Kd7 Ra2 70. Rc6 Rxg2 71. Rf6+ Kg7 72. Rf1 Rd2+ 73. Ke7 Rd4 74. Rh1 Ra4 75. Rd1 g5 76. hxg5 Kg6 77. e6 Kxg5 78. Kf7 Rf4+ 79. Ke8 Re4 80. e7 h4 81. Kf7 Kg4 82. Rd4 Rxd4 83. e8=Q Rf4+ 84. Kg6 h3 85. Qe2+ Kg3 86. Qe3+ Rf3 87. Qg1+ Kf4 88. Kh5 Rg3 89. Qh2 Kf3 90. Kh4 Rg8 91. Qxh3+ Kf2 92. Qf5+ Kg1 93. Qb1+ Kg2 94. Qa2+ 1-0


[Site "https://www.chess.com"]

[Event "Titled Tuesday Blitz March 08 Late 2022"]
[White "Jones, Gawain C B"]
[Black "Suder, Jakub"]
[WhiteFideId "409561"]
[BlackFideId "1195310"]
[WhiteElo "2657"]
[BlackElo "2058"]
[Result "1/2-1/2"]
[Round "02"]
[TimeControl "180+1"]
[Date "2022.03.08"]
[WhiteClock "0:00:08"]
[BlackClock "0:00:06"]

1. e4 c5 2. Nc3 Nc6 3. Bb5 Nd4 4. Nf3 Nxb5 5. Nxb5 a6 6. Nc3 e6 7. d4 cxd4 8. Qxd4 d6 9. Bg5 Nf6 10. O-O-O Be7 11. e5 dxe5 12. Qxe5 Bd7 13. Rd2 Qc8 14. Rhd1 Bc6 15. Nd4 O-O 16. Nf5 exf5 17. Qxe7 Ne4 18. Nxe4 fxe4 19. h3 h6 20. Be3 Re8 21. Qc5 Qe6 22. Rd6 Qxa2 23. Qc3 Rad8 24. Qa3 Qxa3 25. bxa3 Rxd6 26. Rxd6 f6 27. h4 Kf7 28. Kb2 Re5 29. g3 Ke7 30. Rd4 Rb5+ 31. Rb4 Rxb4+ 32. axb4 Ke6 33. c4 g5 34. Kc3 Ke5 35. Bb6 gxh4 36. gxh4 Kf4 37. Be3+ Kf3 38. Bxh6 Kxf2 39. Kd4 Kg3 40. Bg7 Kxh4 41. Bxf6+ Kg4 42. b5 axb5 43. cxb5 Kf3 44. bxc6 bxc6 45. Bg5 Kg4 46. Bc1 Kf3 47. Bh6 Kg4 48. Kxe4 c5 49. Kd3 c4+ 50. Kxc4 1/2-1/2


[Site "https://www.chess.com"]

[Event "Titled Tuesday Blitz March 08 Late 2022"]
[White "Kanyamarala, Tarun"]
[Black "Bryakin, Mikhail"]
[WhiteFideId "45004714"]
[BlackFideId "4165314"]
[WhiteElo "2075"]
[BlackElo "2417"]
[Result "0-1"]
[Round "02"]
[TimeControl "180+1"]
[Date "2022.03.08"]
[WhiteClock "0:00:07"]
[BlackClock "0:01:03"]

1. d4 Nf6 2. c4 Nc6 3. Nc3 e6 4. e4 Bb4 5. e5 Ne4 6. Qd3 Nxc3 7. bxc3 Be7 8. f4 d6 9. Nf3 b6 10. d5 Na5 11. c5 dxc5 12. c4 Ba6 13. Qe4 Bb7 14. f5 exd5 15. Qg4 Bf8 16. Bg5 f6 17. Qh5+ Kd7 18. cxd5 fxg5 19. Bb5+ Kc8 20. O-O h6 21. Nxg5 Bxd5 22. Ba6+ Nb7 23. Rad1 c6 24. Nf7 Qe8 25. e6 Be7 26. Rxd5 cxd5 27. Qf3 Qc6 28. Nxh8 Kc7 29. Ng6 Bf6 30. Nf4 Rd8 31. Rd1 Bd4+ 32. Kh1 Kb8 33. h3 b5 34. e7 Re8 35. Nxd5 Qxa6 36. Rxd4 cxd4 37. Qf4+ Qd6 38. Qxd4 Nc5 39. Qb4 a6 40. a4 Qxd5 41. Qxb5+ axb5 0-1


[Site "https://www.chess.com"]

[Event "Titled Tuesday Blitz March 08 Late 2022"]
[White "Karas, Marek"]
[Black "Dardha, Daniel"]
[WhiteFideId "14928558"]
[BlackFideId "240990"]
[WhiteElo "2271"]
[BlackElo "2482"]
[Result "0-1"]
[Round "02"]
[TimeControl "180+1"]
[Date "2022.03.08"]
[WhiteClock "0:00:10"]
[BlackClock "0:00:50"]

1. d4 f5 2. Qd3 d5 3. c4 dxc4 4. Qxc4 Nf6 5. Nc3 c5 6. Nf3 Nc6 7. dxc5 e5 8. e3 e4 9. Ng5 Ne5 10. Qa4+ Bd7 11. Bb5 a6 12. Bxd7+ Qxd7 13. Qxd7+ Nfxd7 14. O-O Nxc5 15. Bd2 h6 16. Nh3 Rd8 17. Rfd1 Nc4 18. Bc1 Nd3 19. Nf4 Bb4 20. Ncd5 Ba5 21. b3 Nxf4 22. exf4 Nb6 23. Nc7+ Kf7 24. Be3 Nc8 25. Nd5 Ke6 26. b4 Rxd5 27. bxa5 Rxa5 28. Rab1 Nd6 29. Rb6 Rd5 30. Rc1 Kd7 31. h3 Rc8 32. Rcb1 Rc6 33. R6b2 b5 34. g4 g6 35. Kg2 Nc4 36. Re2 h5 37. Kg3 Ke6 38. Kh4 Kf6 39. gxh5 gxh5 40. Kxh5 Rc7 41. Kh6 Nxe3 42. fxe3 Rd8 0-1


[Site "https://www.chess.com"]

[Event "Titled Tuesday Blitz March 08 Late 2022"]
[White "Keymer, Vincent"]
[Black "Denishev, Marat"]
[WhiteFideId "12940690"]
[BlackFideId "24131563"]
[WhiteElo "2557"]
[BlackElo "2197"]
[Result "1-0"]
[Round "02"]
[TimeControl "180+1"]
[Date "2022.03.08"]
[WhiteClock "0:01:33"]
[BlackClock "0:01:11"]

1. Nf3 Nf6 2. c4 c5 3. Nc3 g6 4. g3 Bg7 5. Bg2 O-O 6. d4 cxd4 7. Nxd4 Nc6 8. O-O Qa5 9. e3 Rd8 10. Bd2 Qh5 11. Qxh5 Nxh5 12. Nd5 Nxd4 13. exd4 e6 14. Nc7 Rb8 15. Bg5 f6 16. Be3 Bf8 17. d5 b6 18. Rad1 Bb7 19. dxe6 Bxg2 20. Kxg2 dxe6 21. Nxe6 Re8 22. Nxf8 Kxf8 23. Rd7 Re7 24. Rfd1 g5 25. c5 Ng7 26. c6 Ne6 27. Rxe7 Kxe7 28. Rd7+ Ke8 29. Rxh7 1-0


[Site "https://www.chess.com"]

[Event "Titled Tuesday Blitz March 08 Late 2022"]
[White "Kim, Sergey"]
[Black "Yuan, Qingyu"]
[WhiteFideId "13700570"]
[BlackFideId "8609772"]
[WhiteElo "2541"]
[BlackElo "2359"]
[Result "1/2-1/2"]
[Round "02"]
[TimeControl "180+1"]
[Date "2022.03.08"]
[WhiteClock "0:02:24"]
[BlackClock "0:01:26"]

1. d4 Nf6 2. c4 g6 3. Nc3 d5 4. cxd5 Nxd5 5. e4 Nxc3 6. bxc3 Bg7 7. Bc4 c5 8. Ne2 Nc6 9. Be3 cxd4 10. cxd4 O-O 11. O-O Bg4 12. f3 Na5 13. Bd3 Be6 14. Qd2 Nc4 15. Bxc4 Bxc4 16. Rfd1 Rc8 17. Ng3 Re8 18. Bh6 Bh8 19. Nf5 e5 20. Bg5 f6 21. Nh6+ Kg7 22. Be3 exd4 23. Bxd4 Rc7 24. Ng4 Kg8 25. Nh6+ Kg7 26. Ng4 Kg8 27. Nh6+ Kg7 1/2-1/2


[Site "https://www.chess.com"]

[Event "Titled Tuesday Blitz March 08 Late 2022"]
[White "Kopczynski, Michal"]
[Black "Zakharov, Alexander S."]
[WhiteFideId "1124200"]
[BlackFideId "4120132"]
[WhiteElo "2235"]
[BlackElo "2417"]
[Result "1-0"]
[Round "02"]
[TimeControl "180+1"]
[Date "2022.03.09"]
[WhiteClock "0:00:35"]
[BlackClock "0:00:02"]

1. e4 e6 2. d4 d5 3. Nc3 Bb4 4. e5 c5 5. dxc5 Nc6 6. f4 f6 7. Nf3 d4 8. a3 Qa5 9. axb4 Qxa1 10. Nb5 Ke7 11. Bc4 Qa4 12. O-O Qxb4 13. Qd3 Qxc5 14. Nbxd4 Nxd4 15. Nxd4 f5 16. b4 Qb6 17. Be3 Qd8 18. Rd1 Nh6 19. Nc6+ bxc6 20. Bc5+ Kf7 21. Qxd8 Rxd8 22. Rxd8 a5 23. Rf8+ Kg6 24. Bxe6 axb4 25. Rxc8 Ra1+ 26. Kf2 Ng4+ 27. Ke2 Rc1 28. Kd2 Rf1 29. h3 Rf2+ 30. Bxf2 1-0


[Site "https://www.chess.com"]

[Event "Titled Tuesday Blitz March 08 Late 2022"]
[White "Kosakowski, Jakub"]
[Black "Gaisinsky, Adam"]
[WhiteFideId "1185080"]
[BlackFideId "2620561"]
[WhiteElo "2476"]
[BlackElo "1965"]
[Result "1-0"]
[Round "02"]
[TimeControl "180+1"]
[Date "2022.03.09"]
[WhiteClock "0:01:27"]
[BlackClock "0:00:15"]

1. e4 e6 2. d4 d5 3. Nd2 c5 4. Ngf3 cxd4 5. Nxd4 Nc6 6. Bb5 Bd7 7. Nxc6 bxc6 8. Bd3 Bd6 9. Qe2 Qc7 10. Nf3 f6 11. O-O Ne7 12. c4 O-O 13. Be3 Kh8 14. Rac1 dxe4 15. Bxe4 f5 16. Bc2 Ng6 17. Rfd1 Rad8 18. Bg5 Rde8 19. Qd2 Nf4 20. Qxd6 Ne2+ 21. Kf1 Qxd6 22. Rxd6 Nxc1 23. Bxc1 Bc8 24. Ne5 Kg8 25. c5 Bb7 26. Bb3 Rf6 27. Bg5 Rff8 28. Rxe6 Rxe6 29. Bxe6+ Kh8 30. Nf7+ Kg8 31. Nd6+ Kh8 32. Nxb7 1-0


[Site "https://www.chess.com"]

[Event "Titled Tuesday Blitz March 08 Late 2022"]
[White "Kostiukov, Alexandr"]
[Black "Khabinets, Ivan"]
[WhiteFideId "14108100"]
[BlackFideId "14115980"]
[WhiteElo "2202"]
[BlackElo "2114"]
[Result "0-1"]
[Round "02"]
[TimeControl "180+1"]
[Date "2022.03.09"]
[WhiteClock "0:00:05"]
[BlackClock "0:00:10"]

1. g3 d5 2. Bg2 Nf6 3. d3 e5 4. e4 d4 5. f4 c5 6. Nf3 Nc6 7. O-O Bd6 8. fxe5 Nxe5 9. Nxe5 Bxe5 10. Bf4 Qe7 11. Nd2 Ng4 12. Nc4 Bxf4 13. Rxf4 Ne5 14. b3 O-O 15. Nxe5 Qxe5 16. Qf3 Be6 17. Rf1 b5 18. h4 Rac8 19. Kh2 c4 20. Bh3 cxb3 21. cxb3 Rc2+ 22. Rf2 Rfc8 23. Bxe6 Qxe6 24. g4 Qe5 25. Kh3 Rxf2 26. Qxf2 Rc1 27. Kg2 f6 28. g5 Qc5 29. Rf5 Qc3 30. Qg3 Rc2+ 31. Kh3 Qc8 32. gxf6 Rc7 0-1


[Site "https://www.chess.com"]

[Event "Titled Tuesday Blitz March 08 Late 2022"]
[White "Koutlas, Nikolaos"]
[Black "Burke, Paul"]
[WhiteFideId "25827138"]
[BlackFideId "2605767"]
[WhiteElo "1610"]
[BlackElo "1875"]
[Result "1-0"]
[Round "02"]
[TimeControl "180+1"]
[Date "2022.03.09"]
[WhiteClock "0:02:38"]
[BlackClock "0:02:28"]

1. b3 a6 2. Bb2 d6 3. g3 Nd7 4. Bg2 Ngf6 5. e3 g6 6. h4 h6 7. h5 g5 8. Nf3 Bg7 9. d3 O-O 10. Nbd2 Rb8 11. Nxg5 hxg5 12. h6 Bh8 13. h7+ Nxh7 14. Qh5 Ndf6 15. Bxf6 1-0


[Site "https://www.chess.com"]

[Event "Titled Tuesday Blitz March 08 Late 2022"]
[White "Kovanova, Baira"]
[Black "Kaganskiy, Gleb"]
[WhiteFideId "4164083"]
[BlackFideId "4132025"]
[WhiteElo "2190"]
[BlackElo "2165"]
[Result "0-1"]
[Round "02"]
[TimeControl "180+1"]
[Date "2022.03.09"]
[WhiteClock "0:00:01"]
[BlackClock "0:00:12"]

1. e4 d6 2. d4 Nf6 3. Bd3 e5 4. c3 d5 5. dxe5 Nxe4 6. Nf3 Nc6 7. O-O Nc5 8. Bc2 Bg4 9. Re1 Be7 10. h3 Bh5 11. b4 Ne6 12. Nbd2 d4 13. cxd4 Ncxd4 14. Be4 c6 15. Bb2 Nxf3+ 16. Nxf3 Qxd1 17. Rexd1 Bxb4 18. Rab1 Bc5 19. Bc3 Bb6 20. Bb4 Rd8 21. Bd6 Kd7 22. a4 Kc8 23. Rdc1 Bxf3 24. Bxf3 Nd4 25. Be4 Ne2+ 26. Kf1 Nxc1 27. Rxc1 g6 28. f4 Bc7 29. Bc5 Bb6 30. Bd6 Rhe8 31. Bf3 h5 32. g4 Be3 33. Rc4 Rh8 34. gxh5 gxh5 35. Be4 Rdg8 36. Bf5+ Kd8 37. Re4 Bb6 38. Rc4 Rg1+ 39. Ke2 Rhg8 40. Rc2 R8g2+ 41. Kd3 Rd1+ 42. Kc3 Ba5+ 43. Kb3 Rb1+ 44. Ka2 Rxc2+ 0-1


[Site "https://www.chess.com"]

[Event "Titled Tuesday Blitz March 08 Late 2022"]
[White "Krishnan, Varun"]
[Black "Xie, Bryan"]
[WhiteFideId "5054508"]
[BlackFideId "30941296"]
[WhiteElo "2525"]
[BlackElo "1899"]
[Result "1-0"]
[Round "02"]
[TimeControl "180+1"]
[Date "2022.03.09"]
[WhiteClock "0:01:11"]
[BlackClock "0:01:26"]

1. e4 c5 2. Nf3 e6 3. d4 cxd4 4. Nxd4 Nc6 5. Nc3 Qc7 6. Be2 Nf6 7. O-O a6 8. Be3 Bb4 9. Na4 b5 10. Nb6 Qxb6 11. Nxe6 Qb8 12. Nxg7+ Kf8 13. Bh6 Kg8 14. Bd3 Qe5 15. f4 Qd4+ 16. Kh1 d6 17. c3 Qe3 18. Rf3 Qb6 19. Rg3 Ne7 20. Nf5+ Ng6 21. Ne7# 1-0


[Site "https://www.chess.com"]

[Event "Titled Tuesday Blitz March 08 Late 2022"]
[White "Kuegel, Tobias"]
[Black "Fajdetic, Hrvoje"]
[WhiteFideId "4636295"]
[BlackFideId "14501945"]
[WhiteElo "2213"]
[BlackElo "2172"]
[Result "0-1"]
[Round "02"]
[TimeControl "180+1"]
[Date "2022.03.09"]
[WhiteClock "0:00:01"]
[BlackClock "0:00:55"]

1. e4 e6 2. d4 d5 3. exd5 exd5 4. Bd3 Bd6 5. Nf3 Ne7 6. O-O O-O 7. c3 Bf5 8. Be3 Bxd3 9. Qxd3 c6 10. Nbd2 Qd7 11. Ng5 Qf5 12. Qxf5 Nxf5 13. Ngf3 Re8 14. Rae1 Nd7 15. g3 h5 16. Kg2 Nf6 17. h3 Re6 18. Ng5 Re7 19. Ndf3 Rae8 20. Bd2 Ne4 21. Bc1 f6 22. Nxe4 dxe4 23. Ng1 e3 24. Bxe3 Nxe3+ 25. fxe3 Rxe3 26. Rxe3 Rxe3 27. Nf3 g5 28. Re1 Rxe1 29. Nxe1 g4 30. hxg4 hxg4 31. Nd3 Kf7 32. Nf4 Bxf4 33. gxf4 f5 34. Kg3 b5 35. b3 a5 36. c4 a4 37. Kf2 axb3 38. axb3 bxc4 39. bxc4 Ke6 40. Kg3 Kd6 41. Kf2 Kc7 42. Ke3 Kb6 43. Kd3 Ka5 44. Ke3 Kb4 45. Kd3 g3 46. Ke3 Kxc4 47. Kf3 Kxd4 48. Kxg3 Ke3 0-1


[Site "https://www.chess.com"]

[Event "Titled Tuesday Blitz March 08 Late 2022"]
[White "Ladan, Nicholas"]
[Black "Golubka, Petro"]
[WhiteFideId "30918855"]
[BlackFideId "14114224"]
[WhiteElo "2167"]
[BlackElo "2346"]
[Result "1/2-1/2"]
[Round "02"]
[TimeControl "180+1"]
[Date "2022.03.09"]
[WhiteClock "0:00:09"]
[BlackClock "0:00:17"]

1. d4 d5 2. c4 dxc4 3. e3 e6 4. Bxc4 c5 5. Nf3 Nf6 6. O-O a6 7. dxc5 Bxc5 8. Qxd8+ Kxd8 9. Rd1+ Ke7 10. Nbd2 Nbd7 11. Nb3 b6 12. Nxc5 bxc5 13. b3 Bb7 14. Ba3 Rhc8 15. Ne1 a5 16. f3 Ba6 17. Rac1 Bxc4 18. Rxc4 Nd5 19. e4 Nb4 20. Rd2 Nb6 21. Rc3 Nd7 22. Nd3 Nxd3 23. Rdxd3 Rc7 24. Kf2 Ra6 25. Rc4 Rac6 26. Rdc3 Kd8 27. Rc1 Kc8 28. Ke3 Kb7 29. Bb2 f6 30. R4c2 e5 31. Bc3 Ka6 32. Bd2 Nb6 33. f4 exf4+ 34. Kxf4 c4 35. Be3 c3 36. Bd4 a4 37. Rxc3 Rxc3 38. Rxc3 Rxc3 39. Bxc3 axb3 40. axb3 Kb5 41. e5 Nd5+ 42. Kf5 Nxc3 43. exf6 gxf6 44. Kxf6 Nd5+ 45. Kg7 Ne3 46. Kxh7 Nxg2 47. Kg6 Kb4 48. Kg5 Kxb3 49. Kg4 Kc4 50. Kg3 Ne3 51. h4 Kd4 52. h5 Ke5 53. h6 Kf6 54. h7 Kg7 55. Kf4 Nd5+ 56. Ke5 Nb6 57. Kd6 Nc4+ 58. Kd5 Nd2 59. h8=B+ 1/2-1/2


[Site "https://www.chess.com"]

[Event "Titled Tuesday Blitz March 08 Late 2022"]
[White "Levin, Anthony"]
[Black "Mickiewicz, Piotr"]
[WhiteFideId "30940680"]
[BlackFideId "1114891"]
[WhiteElo "1872"]
[BlackElo "2266"]
[Result "0-1"]
[Round "02"]
[TimeControl "180+1"]
[Date "2022.03.09"]
[WhiteClock "0:02:03"]
[BlackClock "0:01:32"]

1. b3 d5 2. Bb2 Nf6 3. e3 Bf5 4. Nf3 e6 5. d4 h6 6. Nbd2 Be7 7. Be2 O-O 8. O-O a5 9. a3 c6 10. c4 Nbd7 11. Ne5 Nxe5 12. dxe5 Ne4 13. Nxe4 Bxe4 14. f3 Bg6 15. Bd3 Qb6 16. Bd4 c5 17. Bb2 Bxd3 18. Qxd3 Rfd8 19. Kf2 a4 20. cxd5 Rxd5 21. Qc4 Rd2+ 22. Qe2 Rxe2+ 23. Kxe2 Qxb3 24. Rab1 Qc2+ 25. Ke1 Qxb1+ 26. Ke2 Qxb2+ 27. Ke1 c4 28. Rf2 Qb1+ 29. Ke2 Qd3+ 30. Ke1 Bxa3 31. Ra2 Qb1+ 32. Kf2 Qxa2+ 33. Ke1 Qxg2 34. f4 c3 35. f5 c2 36. f6 c1=Q# 0-1


[Site "https://www.chess.com"]

[Event "Titled Tuesday Blitz March 08 Late 2022"]
[White "Li, Ben"]
[Black "Kushko, Dmitriy"]
[WhiteFideId "2089980"]
[BlackFideId "14162261"]
[WhiteElo "2267"]
[BlackElo "2225"]
[Result "1/2-1/2"]
[Round "02"]
[TimeControl "180+1"]
[Date "2022.03.08"]
[WhiteClock "0:00:33"]
[BlackClock "0:00:07"]

1. d4 g6 2. e4 d6 3. c4 Bg7 4. Nc3 Nf6 5. Nf3 O-O 6. h3 e5 7. d5 a5 8. Bg5 Na6 9. Be2 Qe8 10. Nd2 Nd7 11. a3 Nb6 12. Be3 f5 13. O-O Bd7 14. b3 Nc8 15. f3 h5 16. b4 f4 17. Bf2 Ne7 18. c5 axb4 19. axb4 Nxb4 20. Rxa8 Qxa8 21. cxd6 cxd6 22. Nc4 Nc8 23. Qb3 Na6 24. Ra1 Rf6 25. Na5 Nc5 26. Qb2 Qb8 27. Rb1 Qc7 28. Nxb7 Nxb7 29. Qxb7 Qxb7 30. Rxb7 Rf7 31. Rc7 Bf6 32. Ba6 Bd8 33. Rxc8 Bxc8 34. Bxc8 Rc7 35. Be6+ Kg7 36. Nb5 Rc1+ 37. Kh2 Be7 38. Na7 Bd8 39. Nc8 Bc7 40. g3 g5 41. gxf4 gxf4 42. Ne7 Rc2 43. Kg1 Rc1+ 44. Kg2 Rc2 45. Kf1 Rc1+ 46. Ke2 Rc2+ 47. Ke1 Ba5+ 48. Kf1 Rc1+ 49. Kg2 Rc2 50. Nf5+ Kf8 51. Kg1 Rc1+ 52. Kh2 Rc2 53. Kg1 Rc1+ 54. Kg2 Rc2 55. Kf1 Rc1+ 56. Kg2 Rc2 1/2-1/2


[Site "https://www.chess.com"]

[Event "Titled Tuesday Blitz March 08 Late 2022"]
[White "Ljukin, Sergei"]
[Black "Kozina, Anastasia"]
[WhiteFideId "14102200"]
[BlackFideId "24174017"]
[WhiteElo "2312"]
[BlackElo "1993"]
[Result "0-1"]
[Round "02"]
[TimeControl "180+1"]
[Date "2022.03.09"]
[WhiteClock "0:00:16"]
[BlackClock "0:00:32"]

1. e4 e6 2. d4 d5 3. Nc3 Nf6 4. Bg5 Be7 5. e5 Nfd7 6. h4 a6 7. Qg4 c5 8. Bxe7 Qxe7 9. Qxg7 Rf8 10. Nf3 Nc6 11. dxc5 Qxc5 12. O-O-O b5 13. Bd3 Nb4 14. Bxh7 Nb6 15. Nd4 Bd7 16. Bd3 Qxd4 17. h5 Nxd3+ 18. Rxd3 Qf4+ 19. Kb1 Nc4 20. Re1 Qxf2 21. Re2 Qf1+ 22. Rd1 Qf4 23. h6 b4 24. h7 O-O-O 25. b3 Na3+ 26. Kb2 bxc3+ 27. Kxa3 a5 0-1


[Site "https://www.chess.com"]

[Event "Titled Tuesday Blitz March 08 Late 2022"]
[White "Maltsevskaya, Aleksandra"]
[Black "Andersson, Bjorn 1971"]
[WhiteFideId "24174041"]
[BlackFideId "1702114"]
[WhiteElo "2241"]
[BlackElo "2207"]
[Result "1-0"]
[Round "02"]
[TimeControl "180+1"]
[Date "2022.03.09"]
[WhiteClock "0:02:52"]
[BlackClock "0:02:39"]

1. Nf3 c5 2. g3 Nc6 3. d3 d6 4. Nbd2 Bd7 5. e4 g6 6. Bg2 Bg7 7. O-O Qc8 8. Nc4 Bh3 9. e5 dxe5 10. Re1 Bxg2 11. Kxg2 f6 12. c3 Nh6 13. d4 cxd4 14. cxd4 exd4 15. Nd6+ 1-0


[Site "https://www.chess.com"]

[Event "Titled Tuesday Blitz March 08 Late 2022"]
[White "Martin Duque, Jesus"]
[Black "Babazada, Khazar"]
[WhiteFideId "2208954"]
[BlackFideId "13413554"]
[WhiteElo "2243"]
[BlackElo "2418"]
[Result "0-1"]
[Round "02"]
[TimeControl "180+1"]
[Date "2022.03.08"]
[WhiteClock "0:00:52"]
[BlackClock "0:00:41"]

1. Nf3 Nf6 2. b3 e6 3. Bb2 Be7 4. c4 d5 5. g3 O-O 6. Bg2 c5 7. cxd5 exd5 8. d4 Nc6 9. O-O Be6 10. dxc5 Bxc5 11. Nc3 a6 12. Rc1 Ba7 13. Na4 Ne4 14. Nd4 Rc8 15. Nxe6 fxe6 16. Bxe4 dxe4 17. Qxd8 Rcxd8 18. Rcd1 Rxd1 19. Rxd1 Rxf2 20. Kh1 Rxe2 21. Rd7 b5 22. Rxg7+ Kf8 23. Rc7 bxa4 24. Ba3+ Kg8 25. Rxc6 Rxa2 26. Rc8+ Kf7 27. Rc7+ Kg6 28. Rxa7 axb3 29. Rxa6 b2 30. Rxe6+ Kf5 31. Rb6 Ra1+ 32. Kg2 b1=Q 33. Rxb1 Rxb1 34. h3 Rb3 35. g4+ Ke5 36. Bc1 Kd4 37. h4 Kd3 38. g5 e3 39. Bxe3 Kxe3 40. h5 Kf4 41. g6 hxg6 42. hxg6 Rg3+ 43. Kf2 Rxg6 0-1


[Site "https://www.chess.com"]

[Event "Titled Tuesday Blitz March 08 Late 2022"]
[White "Martinez Reyes, Pedro Ramon"]
[Black "Mangialardo, Tiago Carvalho"]
[WhiteFideId "3901807"]
[BlackFideId "2130718"]
[WhiteElo "2410"]
[BlackElo "2086"]
[Result "1-0"]
[Round "02"]
[TimeControl "180+1"]
[Date "2022.03.09"]
[WhiteClock "0:02:10"]
[BlackClock "0:00:11"]

1. e3 e5 2. b3 Nc6 3. Bb2 d5 4. Bb5 Bd6 5. Nf3 Qe7 6. d4 e4 7. Ne5 Bd7 8. Nxd7 Qxd7 9. c4 a6 10. Ba4 Bb4+ 11. Nc3 Nge7 12. a3 Bxc3+ 13. Bxc3 O-O 14. O-O Qe6 15. Qe2 Nc8 16. c5 N8e7 17. b4 f5 18. Bd2 g5 19. f4 g4 20. Bb3 h5 21. a4 Kh7 22. b5 axb5 23. axb5 Rxa1 24. Rxa1 Nb8 25. Ra7 Qc8 26. Qe1 Rf7 27. Qh4 1-0


[Site "https://www.chess.com"]

[Event "Titled Tuesday Blitz March 08 Late 2022"]
[White "Martirosyan, Haik M."]
[Black "Jaferian, Koosha"]
[WhiteFideId "13306553"]
[BlackFideId "12507440"]
[WhiteElo "2735"]
[BlackElo "2030"]
[Result "1-0"]
[Round "02"]
[TimeControl "180+1"]
[Date "2022.03.08"]
[WhiteClock "0:00:51"]
[BlackClock "0:00:02"]

1. e4 c6 2. Nf3 d5 3. Nc3 Bg4 4. h3 Bxf3 5. Qxf3 e6 6. g3 Nf6 7. Bg2 dxe4 8. Nxe4 Nxe4 9. Qxe4 Qd5 10. O-O Qxe4 11. Bxe4 Nd7 12. d4 O-O-O 13. c3 Bd6 14. Kg2 Nf6 15. Bf3 e5 16. dxe5 Bxe5 17. Be3 Kb8 18. Rad1 Bc7 19. Rfe1 Rxd1 20. Rxd1 Rd8 21. Re1 Re8 22. Rd1 Rd8 23. Rxd8+ Bxd8 24. Kf1 Bb6 25. Bf4+ Bc7 26. Bd2 Bd6 27. Ke2 Kc7 28. g4 Nd7 29. Be4 h6 30. f4 f6 31. b4 c5 32. a3 b6 33. Kd3 Nf8 34. Bd5 Ng6 35. Ke4 Ne7 36. Bb3 a5 37. bxa5 bxa5 38. c4 Kb6 39. Ba4 Ka6 40. h4 Kb6 41. Be8 Ka6 42. Bc3 Kb6 43. h5 Bc7 44. g5 fxg5 45. fxg5 Nc8 46. Bb5 Nd6+ 47. Kf3 Nf5 48. g6 Nd4+ 49. Ke4 Bd8 50. Ba4 Bf6 51. Bd2 Ne6 52. Kd5 Nd4 53. Bf4 Nf5 54. Ke6 Nd4+ 55. Kf7 Nf5 56. Bd7 Nd4 57. Bxh6 1-0


[Site "https://www.chess.com"]